[Event "Titled Tuesday Blitz November 14 Late 2023"]
[White "Silvestre, Christian"]
[Black "Przybylski, Wojciech"]
[WhiteFideId "30956269"]
[BlackFideId "1117599"]
[WhiteElo "2260"]
[BlackElo "2507"]
[Result "1-0"]
[Round "8"]
[TimeControl "180+1"]
[Date "2023.11.14"]
[WhiteClock "0:00:53"]
[BlackClock "0:00:00"]
[Board "74"]

1. e4 c5 2. c3 d5 3. exd5 Qxd5 4. d4 Nf6 5. Nf3 Bg4 6. Be2 Nc6 7. O-O cxd4 8. cxd4 e6 9. Nc3 Qa5 10. Qb3 Qb4 11. Qxb4 Bxb4 12. a3 Be7 13. Rd1 O-O-O 14. Bf4 Nd5 15. Bg3 a6 16. Rac1 Kd7 17. Nxd5 exd5 18. Rxc6 Kxc6 19. Ne5+ Kb6 20. Bxg4 Rhf8 21. Nd7+ Kb5 22. Nxf8 Bxf8 23. h3 g6 24. Rc1 Bg7 25. Be2+ Ka4 26. Bd1+ Kb5 27. a4+ Kb4 28. Rc7 b5 29. axb5 axb5 30. f3 Re8 31. Kf1 Bxd4 32. Be1+ Rxe1+ 33. Kxe1 Bxb2 34. Rxf7 Kc4 35. Rxh7 b4 36. h4 Kd3 37. Be2+ Ke3 38. Re7+ Kf4 39. Re6 Kg3 40. Rxg6+ Kxh4 41. Rg4+ Kh5 42. Kd1 Bc3 43. Kc2 Kh6 44. Kb3 d4 45. Bd3 Kh5 46. Rg6 Kh4 47. Rb6 Kg3 48. Rg6+ 1-0


[Site "https://www.chess.com"]

[Event "Titled Tuesday Blitz November 14 Late 2023"]
[White "Figorito, Nick"]
[Black "Tristan, Leonardo"]
[WhiteFideId "30923689"]
[BlackFideId "113816"]
[WhiteElo "2400"]
[BlackElo "2683"]
[Result "0-1"]
[Round "8"]
[TimeControl "180+1"]
[Date "2023.11.14"]
[WhiteClock "0:00:04"]
[BlackClock "0:00:11"]
[Board "75"]

1. Nf3 d5 2. g3 Nf6 3. Bg2 Bf5 4. O-O e6 5. c4 c6 6. d4 Nbd7 7. b3 Be7 8. Nc3 O-O 9. Bb2 Qb6 10. Na4 Qa6 11. Nd2 b5 12. cxb5 cxb5 13. Nc3 b4 14. Na4 Rfc8 15. Rc1 Nb6 16. Nxb6 axb6 17. Ra1 Rc2 18. e4 Bxe4 19. Nxe4 Rxb2 20. Nxf6+ Bxf6 21. Rc1 Qxa2 22. Qg4 Qxb3 23. Rc6 Qd3 24. Bxd5 Qxd4 25. Be4 Rd8 26. h4 Rd2 27. Rc4 Qd6 28. h5 b3 29. h6 b2 30. hxg7 Bxg7 31. Qh5 f5 32. Rc6 Qe5 33. Rc7 Qxc7 34. Bb1 Qd7 35. Qf3 Rd1 36. Qb3 Rxf1+ 37. Kxf1 Qd1+ 38. Qxd1 Rxd1+ 39. Ke2 Rxb1 0-1


[Site "https://www.chess.com"]

[Event "Titled Tuesday Blitz November 14 Late 2023"]
[White "Balla, Tamas-Kristof"]
[Black "Santos Flores, Alberto"]
[WhiteFideId "1208497"]
[BlackFideId "3601234"]
[WhiteElo "2383"]
[BlackElo "2557"]
[Result "0-1"]
[Round "8"]
[TimeControl "180+1"]
[Date "2023.11.14"]
[WhiteClock "0:00:20"]
[BlackClock "0:01:15"]
[Board "76"]

1. e4 e6 2. d4 d5 3. Nd2 c5 4. exd5 Qxd5 5. Ngf3 cxd4 6. Bc4 Qd6 7. O-O Nf6 8. Nb3 Nc6 9. Nbxd4 Nxd4 10. Nxd4 a6 11. Re1 Qc7 12. Bb3 Bd7 13. Bg5 O-O-O 14. c3 Bd6 15. h3 h6 16. Be3 Bh2+ 17. Kh1 Bf4 18. Qf3 Bxe3 19. Qxe3 Bc6 20. Nxc6 Qxc6 21. Qa7 Kc7 22. Qe3 Rd6 23. Rad1 Rhd8 24. Rxd6 Rxd6 25. Qg3 Ne8 26. Qf4 Qd7 27. Ba4 b5 28. Bc2 Kd8 29. a4 Rd2 30. Bb3 Ke7 31. axb5 axb5 32. Qb4+ Qd6 33. Qxb5 Rxf2 34. Rd1 Rd2 35. Rxd2 Qxd2 36. Ba4 Nd6 37. Qb4 Kf6 38. Qc4 Nxc4 0-1


[Site "https://www.chess.com"]

[Event "Titled Tuesday Blitz November 14 Late 2023"]
[White "The_Straightforward_Rook"]
[Black "Van Osch, Mees"]
[BlackFideId "1035967"]
[WhiteElo "2551"]
[BlackElo "2376"]
[Result "0-1"]
[Round "8"]
[TimeControl "180+1"]
[Date "2023.11.14"]
[WhiteClock "0:01:02"]
[BlackClock "0:01:13"]
[Board "77"]

1. e4 e6 2. d4 d5 3. e5 c5 4. c3 Qb6 5. Nf3 Bd7 6. Be2 Bb5 7. O-O Nc6 8. Be3 Nh6 9. Na3 Bxe2 10. Qxe2 c4 11. Bxh6 gxh6 12. Nc2 Qxb2 13. Rab1 Qxc3 14. Rxb7 Be7 15. g3 O-O 16. Ne3 Rab8 17. Rxb8 Rxb8 18. Ng4 Rb2 19. Qd1 h5 20. Ne3 Rxa2 21. Ne1 Qxd4 22. Qxh5 Qxe5 23. Qg4+ Qg7 24. Qf4 Nd4 25. Ng4 Ne2+ 0-1


[Site "https://www.chess.com"]

[Event "Titled Tuesday Blitz November 14 Late 2023"]
[White "TheAlienParty"]
[Black "Pinheiro, Iung Alicio de O."]
[BlackFideId "2104350"]
[WhiteElo "2372"]
[BlackElo "2545"]
[Result "1-0"]
[Round "8"]
[TimeControl "180+1"]
[Date "2023.11.14"]
[WhiteClock "0:01:07"]
[BlackClock "0:00:00"]
[Board "78"]

1. c4 e5 2. Nc3 Nc6 3. Nf3 Nf6 4. e4 Bc5 5. Nxe5 Nxe5 6. d4 Bxd4 7. Qxd4 d6 8. h3 O-O 9. Bg5 h6 10. Bh4 c5 11. Qe3 Ng6 12. Bg3 Re8 13. O-O-O Qa5 14. Bxd6 Nxe4 15. Nxe4 Bf5 16. f3 Rad8 17. Qxc5 Qa6 18. Be2 Bxe4 19. fxe4 Rxe4 20. Rhe1 Rde8 21. Qf2 Qxa2 22. Ba3 Nf4 23. Bf1 Qa1+ 24. Kc2 1-0


[Site "https://www.chess.com"]

[Event "Titled Tuesday Blitz November 14 Late 2023"]
[White "Ongut, Tamas Gunes"]
[Black "Huda, Maryana"]
[WhiteFideId "770280"]
[BlackFideId "14116553"]
[WhiteElo "2522"]
[BlackElo "2358"]
[Result "1-0"]
[Round "8"]
[TimeControl "180+1"]
[Date "2023.11.14"]
[WhiteClock "0:01:47"]
[BlackClock "0:00:02"]
[Board "79"]

1. c4 c5 2. Nc3 Nf6 3. Nf3 Nc6 4. e3 g6 5. d4 cxd4 6. exd4 d5 7. cxd5 Nxd5 8. Qb3 Nxc3 9. Bc4 e6 10. bxc3 Bg7 11. Ba3 Ne7 12. Qb4 Bf6 13. g4 Nd5 14. Qb3 Be7 15. Bxe7 Nxe7 16. O-O-O O-O 17. h4 Nd5 18. h5 Qa5 19. Bxd5 Qxd5 20. Qxd5 exd5 21. hxg6 fxg6 22. Ng5 Bxg4 23. Rdg1 h5 24. f3 Bxf3 25. Nxf3 Rxf3 26. Rxg6+ Kf7 27. Rg5 Rxc3+ 28. Kd2 Rac8 29. Rxd5 Rc2+ 30. Ke3 R8c3+ 31. Kf4 Rf2+ 32. Ke5 Re3+ 33. Kd6 Rxa2 34. Rf1+ Kg6 35. Rg1+ Kh6 36. Rh1 Ra6+ 37. Kd7 Rg3 38. Rdxh5+ Kg6 39. Rh6+ Kf5 40. Rxa6 bxa6 41. d5 Rd3 42. d6 Ke5 43. Rh5+ Kd4 44. Ra5 Kc4 45. Rxa6 Kc5 46. Kc7 Kb5 47. Rxa7 Rc3+ 48. Kd8 Kb6 49. Rc7 Rd3 50. d7 Rh3 51. Kc8 Ra3 52. d8=Q Ra8+ 53. Kd7 Rxd8+ 54. Kxd8 1-0


[Site "https://www.chess.com"]

[Event "Titled Tuesday Blitz November 14 Late 2023"]
[White "Kovacsy, Barnabas"]
[Black "Lalanne, Pablo"]
[WhiteFideId "769290"]
[BlackFideId "112151"]
[WhiteElo "2518"]
[BlackElo "2355"]
[Result "1-0"]
[Round "8"]
[TimeControl "180+1"]
[Date "2023.11.14"]
[WhiteClock "0:00:27"]
[BlackClock "0:00:31"]
[Board "80"]

1. e4 e5 2. Nf3 Nc6 3. Bb5 a6 4. Bxc6 dxc6 5. Nc3 Bd6 6. d4 exd4 7. Qxd4 f6 8. Be3 Ne7 9. O-O-O Be6 10. Qd2 O-O 11. Bf4 Bxf4 12. Qxf4 Qc8 13. Nd4 Ng6 14. Qe3 Bd7 15. f3 b5 16. Nb3 Be6 17. Qc5 Ne5 18. Nd4 Bd7 19. f4 Nc4 20. Nxc6 Bxc6 21. Qxc6 Qg4 22. g3 Qf3 23. Rhe1 Kh8 24. Rd3 Qf2 25. Re2 Qf1+ 26. Rd1 Qf3 27. Qd5 h6 28. Qd3 Qg4 29. b3 Nd6 30. Nd5 f5 31. e5 Ne4 32. Ne3 Qg6 33. Nxf5 Nc5 34. Qd5 Nxb3+ 35. axb3 Qxf5 36. e6 Qf6 37. e7 Rfe8 38. Qe5 Qc6 39. Kb2 b4 40. Re4 a5 41. Rc4 Qf3 42. Rd3 Qg4 43. Rcd4 a4 44. Rd8 a3+ 45. Ka2 Kh7 46. Rxa8 Rxa8 47. e8=Q Rxe8 48. Qxe8 1-0


[Site "https://www.chess.com"]

[Event "Titled Tuesday Blitz November 14 Late 2023"]
[White "jactorres"]
[Black "Bogaudinov, Rushan"]
[BlackFideId "4129288"]
[WhiteElo "2503"]
[BlackElo "2402"]
[Result "1-0"]
[Round "8"]
[TimeControl "180+1"]
[Date "2023.11.14"]
[WhiteClock "0:00:08"]
[BlackClock "0:00:00"]
[Board "81"]

1. e4 a6 2. d4 e6 3. Nc3 b5 4. Bd3 Bb7 5. Qe2 Nf6 6. f4 c5 7. dxc5 Bxc5 8. Nf3 Qb6 9. e5 Nd5 10. Ne4 Be7 11. a4 b4 12. a5 Qc7 13. O-O Nc6 14. c4 bxc3 15. bxc3 Nxa5 16. Ba3 O-O 17. Bxe7 Nxe7 18. Nd6 Ng6 19. Ng5 f6 20. Nxh7 f5 21. Nxf8 Nxf8 22. g4 g6 23. gxf5 exf5 24. Bc4+ Kg7 25. Ba2 Qxc3 26. Rac1 Qd4+ 27. Qf2 Qxf2+ 28. Kxf2 Bc6 29. Bc4 Nxc4 30. Rxc4 Ne6 31. Rb1 1-0


[Site "https://www.chess.com"]

[Event "Titled Tuesday Blitz November 14 Late 2023"]
[White "chessjazda"]
[Black "Ponce Cano, Adrian"]
[BlackFideId "22296913"]
[WhiteElo "2345"]
[BlackElo "2497"]
[Result "1-0"]
[Round "8"]
[TimeControl "180+1"]
[Date "2023.11.14"]
[WhiteClock "0:00:06"]
[BlackClock "0:00:00"]
[Board "82"]

1. b3 d5 2. g3 e5 3. Bg2 Be6 4. Bb2 Nd7 5. e3 Bd6 6. Ne2 Ne7 7. O-O O-O 8. f4 f6 9. d3 c6 10. Nd2 Nf5 11. Kf2 Qb6 12. d4 exd4 13. exd4 Rae8 14. Nf3 Nh6 15. Kg1 Ng4 16. Qd3 Qc7 17. Rae1 Nh6 18. Nh4 Bg4 19. Kh1 Re7 20. Ng1 Rfe8 21. Rxe7 Rxe7 22. Bc1 Nf8 23. f5 Nf7 24. Bf4 Qd7 25. Bxd6 Nxd6 26. h3 Bh5 27. g4 Bf7 28. Nhf3 Ne4 29. Nd2 Qe8 30. c3 Ng5 31. h4 Re3 32. Qc2 Ne4 33. Nxe4 dxe4 34. Qf2 Rxc3 35. Re1 e3 36. Qb2 Rd3 37. Qc2 Rd2 38. Qc3 Rxg2 39. Kxg2 Qe4+ 40. Kg3 Bd5 41. Qxe3 Qg2+ 42. Kf4 g5+ 43. hxg5 fxg5+ 44. Kxg5 Qxa2 45. Nf3 Qxb3 46. Qxb3 Bxb3 47. Rb1 Bd5 48. Ne5 b6 49. Rc1 Kg7 50. Nxc6 Nd7 51. Ne5 Nf8 52. Rc7+ Kg8 53. Kf6 1-0


[Site "https://www.chess.com"]

[Event "Titled Tuesday Blitz November 14 Late 2023"]
[White "Kochiev, Ivan"]
[Black "Ramadoss, Ashokkumar"]
[WhiteFideId "2917890"]
[BlackFideId "5040990"]
[WhiteElo "2492"]
[BlackElo "2344"]
[Result "1-0"]
[Round "8"]
[TimeControl "180+1"]
[Date "2023.11.14"]
[WhiteClock "0:00:27"]
[BlackClock "0:00:00"]
[Board "83"]

1. e4 e6 2. d4 d5 3. Nd2 Be7 4. c3 c5 5. exd5 Qxd5 6. Ngf3 cxd4 7. Bc4 Qd8 8. Nxd4 Nf6 9. O-O Bd7 10. N2f3 Nc6 11. Be3 O-O 12. Qe2 Nxd4 13. Nxd4 Qc7 14. Rad1 Bc6 15. Nxc6 Qxc6 16. Rd2 a6 17. Bd3 Rad8 18. Rfd1 Rd7 19. h3 Rfd8 20. Bc2 Rxd2 21. Rxd2 Rxd2 22. Qxd2 Qd5 23. Qxd5 Nxd5 24. Bd4 Nf4 25. Kf1 f5 26. h4 Kf7 27. g3 Ng6 28. Ke2 Bf6 29. Ke3 Ne5 30. Ke2 Ke7 31. b3 Nc6 32. Bxf6+ Kxf6 33. Ke3 e5 34. Bd1 g6 35. Be2 h6 36. Bc4 Ke7 37. f4 exf4+ 38. gxf4 b5 39. Bd5 Kd6 40. Bxc6 Kxc6 41. Kd4 Kd6 42. c4 bxc4 43. bxc4 Kc6 44. c5 a5 45. a4 Kd7 46. Kd5 Kc7 47. c6 Kc8 48. Kd6 Kd8 49. c7+ Kc8 50. Kc6 1-0


[Site "https://www.chess.com"]

[Event "Titled Tuesday Blitz November 14 Late 2023"]
[White "Li, Hui"]
[Black "Hajiyev, Kanan"]
[WhiteFideId "15400310"]
[BlackFideId "13404148"]
[WhiteElo "2343"]
[BlackElo "2490"]
[Result "0-1"]
[Round "8"]
[TimeControl "180+1"]
[Date "2023.11.14"]
[WhiteClock "0:00:00"]
[BlackClock "0:01:22"]
[Board "84"]

1. e4 a6 2. d4 b5 3. Nf3 Bb7 4. Bd3 Nf6 5. Qe2 e6 6. O-O c5 7. dxc5 Bxc5 8. a4 b4 9. Nbd2 O-O 10. e5 Nd5 11. Ne4 Be7 12. Bg5 Nc6 13. Bxe7 Qxe7 14. Nd6 Ra7 15. Nxb7 Rxb7 16. Bxa6 Rc7 17. Bd3 Nf4 18. Qe4 Nxd3 19. Qxd3 Qc5 20. Rfe1 Na5 21. Nd4 Rfc8 22. Nb3 Nxb3 23. cxb3 g6 24. g3 Qa5 25. Qb5 Qxb5 26. axb5 Rb8 27. Ra5 Rcb7 28. Rd1 Kf8 29. f4 Ke7 30. Rd4 Rxb5 31. Ra7 R8b7 32. Ra4 h5 33. Kf2 R5b6 34. Ke3 d5 35. exd6+ Rxd6 36. Rxd6 Kxd6 37. Kd4 Rc7 38. Rxb4 Rc2 39. Rb7 f5 40. Rg7 Rxb2 41. Kc3 Rxh2 42. Rxg6 Rh3 43. Kc4 Rh1 44. b4 Rc1+ 45. Kb5 Kd5 46. Kb6 Rg1 47. Rh6 Rxg3 48. Rxh5 Rg4 49. b5 Rxf4 50. Kc7 Rc4+ 51. Kb7 Ke4 52. Rh6 e5 53. Rd6 f4 54. b6 f3 55. Rf6 Ke3 56. Ka6 Ra4+ 57. Kb5 Ra2 58. Rf5 e4 59. Kc6 Rc2+ 60. Rc5 f2 61. Rxc2 f1=Q 62. b7 Qf6+ 0-1


[Site "https://www.chess.com"]

[Event "Titled Tuesday Blitz November 14 Late 2023"]
[White "Eggleston, Thomas A"]
[Black "Gasparyan, David"]
[WhiteFideId "412139"]
[BlackFideId "13311980"]
[WhiteElo "2340"]
[BlackElo "2484"]
[Result "0-1"]
[Round "8"]
[TimeControl "180+1"]
[Date "2023.11.14"]
[WhiteClock "0:00:00"]
[BlackClock "0:00:36"]
[Board "85"]

1. e4 c6 2. Nf3 g6 3. d3 d5 4. Nbd2 Bg7 5. g3 Nf6 6. e5 Ng4 7. d4 O-O 8. h3 Nh6 9. Bg2 c5 10. O-O Nc6 11. Nb3 cxd4 12. Re1 Qc7 13. Bf4 e6 14. g4 Kh8 15. Qd2 Ng8 16. h4 Qe7 17. g5 Qc7 18. h5 gxh5 19. Nbxd4 Nxd4 20. Nxd4 a6 21. c4 dxc4 22. Qe2 Ne7 23. Qxh5 Ng6 24. Be4 Bd7 25. Bg3 Qc5 26. Rad1 Rad8 27. Nf3 Bc6 28. Bxc6 Qxc6 29. Rd6 Rxd6 30. exd6 Kg8 31. Nh4 e5 32. Nf5 Qd7 33. Nxg7 Kxg7 34. Bxe5+ Nxe5 35. Qh6+ Kg8 36. Rxe5 Qg4+ 37. Kf1 Qd1+ 38. Re1 Qd3+ 39. Kg1 Qd4 40. Re3 Qg4+ 41. Rg3 Qd1+ 42. Kh2 Qd2 43. Qf6 Re8 44. Rh3 Re2 45. Kg2 Qd5+ 0-1


[Site "https://www.chess.com"]

[Event "Titled Tuesday Blitz November 14 Late 2023"]
[White "Rich, Albert J"]
[Black "patzersame"]
[WhiteFideId "2028735"]
[WhiteElo "2478"]
[BlackElo "2338"]
[Result "1-0"]
[Round "8"]
[TimeControl "180+1"]
[Date "2023.11.14"]
[WhiteClock "0:02:20"]
[BlackClock "0:01:31"]
[Board "86"]

1. d4 c5 2. d5 e6 3. Nc3 Nf6 4. e4 exd5 5. e5 d4 6. exf6 Qxf6 7. Nd5 Qc6 8. Qe2+ Kd8 9. Qf3 Qe6+ 10. Be2 Nc6 11. Bf4 b6 12. Bc7+ Ke8 13. Bg3 Kd8 14. Nh3 Bb7 15. Ng5 Qg6 16. Nxf7+ Kc8 17. Nxh8 Nb4 18. Qxf8+ Qe8 19. Qxe8# 1-0


[Site "https://www.chess.com"]

[Event "Titled Tuesday Blitz November 14 Late 2023"]
[White "FM_Kappeler"]
[Black "ExchangeAB"]
[WhiteElo "2313"]
[BlackElo "2445"]
[Result "1-0"]
[Round "8"]
[TimeControl "180+1"]
[Date "2023.11.14"]
[WhiteClock "0:00:05"]
[BlackClock "0:00:11"]
[Board "87"]

1. d4 d5 2. c4 c6 3. Nf3 Nf6 4. e3 Bf5 5. Nc3 e6 6. Nh4 Be4 7. f3 Bg6 8. Qb3 Qb6 9. Nxg6 hxg6 10. Bd2 Bd6 11. c5 Qxb3 12. axb3 Bxh2 13. Kd1 Rh7 14. b4 Bg3 15. Rxh7 Nxh7 16. b5 Kd7 17. b4 a6 18. bxa6 Nxa6 19. b5 cxb5 20. Bxb5+ Kc8 21. c6 Nc7 22. Na4 Kb8 23. cxb7 Kxb7 24. Nc5+ Kc8 25. Bd7+ Kd8 26. Rb1 Nf6 27. Bc6 Ra2 28. Rb7 Bd6 29. Rb8+ Ke7 30. Nb7 Bh2 31. Bb4+ 1-0


[Site "https://www.chess.com"]

[Event "Titled Tuesday Blitz November 14 Late 2023"]
[White "Kustar, Sandor"]
[Black "Lock, Gavin R"]
[WhiteFideId "702900"]
[BlackFideId "408646"]
[WhiteElo "2441"]
[BlackElo "2263"]
[Result "1/2-1/2"]
[Round "8"]
[TimeControl "180+1"]
[Date "2023.11.14"]
[WhiteClock "0:00:37"]
[BlackClock "0:00:06"]
[Board "88"]

1. Nf3 d5 2. c4 e6 3. g3 Nf6 4. Bg2 dxc4 5. Qa4+ Bd7 6. Qxc4 c5 7. Ne5 Qc8 8. Nxd7 Qxd7 9. O-O Nc6 10. d3 Be7 11. Nc3 Rc8 12. a3 O-O 13. Rd1 Rfd8 14. e3 Ne5 15. Qb5 b6 16. Qa6 Nxd3 17. Nb5 c4 18. e4 Bc5 19. Rd2 e5 20. Nxa7 Ra8 21. Qxc4 Rxa7 22. Bf1 Qd4 23. Qxd4 Bxd4 24. Rxd3 Nxe4 25. Be3 Nc5 26. Rdd1 Nb3 27. Rab1 Rc8 28. Bxd4 Nxd4 29. Bd3 g6 30. Kg2 Rac7 31. Rd2 f6 32. Re1 Kf7 33. f4 exf4 34. gxf4 Ne6 35. Kg3 Rd8 36. Red1 Ke7 37. Bb5 Rxd2 38. Rxd2 Nc5 39. Rd4 f5 40. Kf3 Ne4 41. Bd3 Nd6 42. Ke3 Rc1 43. Rb4 Rh1 44. Rxb6 Rxh2 45. Kd4 Rf2 46. Kd5 Ne4 47. Rb7+ Kf6 48. Bxe4 fxe4 49. Kxe4 h5 50. Rb6+ Kf7 51. a4 h4 52. Ke3 Rf1 53. Rb7+ Kf6 54. Rh7 Rb1 55. Rxh4 Rxb2 56. Rh8 Rb3+ 57. Kd4 Rb4+ 58. Ke3 Rxa4 59. Rf8+ Ke7 60. Rb8 Rc4 61. Kf3 Rd4 62. Kg4 Rd5 63. Rb6 Kf7 64. Rc6 Rb5 65. Ra6 Rc5 66. Rb6 Ra5 67. Rc6 Rb5 68. Ra6 Rc5 69. Rb6 Ra5 70. Rc6 Rb5 1/2-1/2


[Site "https://www.chess.com"]

[Event "Titled Tuesday Blitz November 14 Late 2023"]
[White "Kostiukov, Alexandr"]
[Black "Benaddi, Mouhcine"]
[WhiteFideId "14108100"]
[BlackFideId "9001050"]
[WhiteElo "2439"]
[BlackElo "2237"]
[Result "1-0"]
[Round "8"]
[TimeControl "180+1"]
[Date "2023.11.14"]
[WhiteClock "0:00:40"]
[BlackClock "0:00:00"]
[Board "89"]

1. g3 h5 2. Nf3 h4 3. Nxh4 d5 4. d4 c6 5. Nf3 Bf5 6. Bg2 Nd7 7. Bf4 e6 8. Nbd2 Be7 9. h4 Qb6 10. Qc1 c5 11. dxc5 Bxc5 12. O-O f6 13. Nb3 e5 14. Nxc5 Nxc5 15. Bd2 Ne4 16. e3 Ne7 17. Be1 Rc8 18. c3 Kf7 19. Nd2 g5 20. Nxe4 dxe4 21. hxg5 fxg5 22. Qc2 Qh6 23. f3 Qh2+ 24. Kf2 exf3 25. Qb3+ Kg6 26. Kxf3 1-0


[Site "https://www.chess.com"]

[Event "Titled Tuesday Blitz November 14 Late 2023"]
[White "Polaczek, Richard"]
[Black "Rodriguez Dominguez, Melissa"]
[WhiteFideId "200026"]
[BlackFideId "3517560"]
[WhiteElo "2436"]
[BlackElo "2241"]
[Result "1/2-1/2"]
[Round "8"]
[TimeControl "180+1"]
[Date "2023.11.14"]
[WhiteClock "0:00:16"]
[BlackClock "0:00:15"]
[Board "90"]

1. d4 d5 2. c4 c6 3. Nc3 Nf6 4. cxd5 cxd5 5. Bf4 Nc6 6. e3 Bf5 7. Qb3 Qd7 8. Bb5 e6 9. Nf3 Bd6 10. Bxd6 Qxd6 11. Ne5 O-O 12. f4 Ne4 13. Nxe4 Bxe4 14. Bxc6 bxc6 15. O-O c5 16. Qa3 Rfc8 17. Rac1 f6 18. Ng4 Qd7 19. dxc5 e5 20. Nf2 exf4 21. Nxe4 dxe4 22. Rxf4 f5 23. Rcf1 g6 24. g4 fxg4 25. Qb3+ Kh8 26. Rf7 Qd3 27. Qe6 Qxe3+ 28. Kh1 Qg5 29. Qd7 Qh6 30. Qd4+ Kg8 31. Rd7 Rf8 32. Qd5+ Kh8 33. Qe5+ Kg8 34. Qe6+ Kh8 35. Qe5+ Kg8 36. Qd5+ Kh8 37. Qe5+ 1/2-1/2


[Site "https://www.chess.com"]

[Event "Titled Tuesday Blitz November 14 Late 2023"]
[White "Acosta Cruz, Oscar Yosimar"]
[Black "Weisz, Bryan"]
[WhiteFideId "5111269"]
[BlackFideId "30934133"]
[WhiteElo "2221"]
[BlackElo "2435"]
[Result "1-0"]
[Round "8"]
[TimeControl "180+1"]
[Date "2023.11.14"]
[WhiteClock "0:01:38"]
[BlackClock "0:00:41"]
[Board "91"]

1. d4 Nf6 2. Nf3 g6 3. Bf4 Bg7 4. e3 O-O 5. Be2 d6 6. h3 Nbd7 7. O-O Ne4 8. Bh2 e5 9. Bd3 f5 10. c3 g5 11. Qc2 d5 12. Nxe5 Nxe5 13. Bxe5 Bxe5 14. dxe5 Qe7 15. f4 Qc5 16. Re1 gxf4 17. b4 Qb6 18. Bxe4 fxe4 19. a4 fxe3 20. a5 Qe6 21. Rxe3 Qxe5 22. Nd2 Qf4 23. Re2 Kh8 24. c4 Be6 25. Rf1 Qe5 26. cxd5 Rxf1+ 27. Nxf1 Bxd5 28. Ne3 Bc6 29. Ng4 Qa1+ 30. Kh2 h5 31. Ne3 Qe5+ 32. Kg1 Rg8 33. Rf2 Qg3 34. Qc3+ Qg7 35. Qc5 Qg5 36. Rf5 b6 37. Qe5+ 1-0


[Site "https://www.chess.com"]

[Event "Titled Tuesday Blitz November 14 Late 2023"]
[White "Mazurkiewicz, Michal"]
[Black "Sivanandan, Bodhana"]
[WhiteFideId "1124943"]
[BlackFideId "497592"]
[WhiteElo "2432"]
[BlackElo "2195"]
[Result "0-1"]
[Round "8"]
[TimeControl "180+1"]
[Date "2023.11.14"]
[WhiteClock "0:00:00"]
[BlackClock "0:00:47"]
[Board "92"]

1. e4 e6 2. d3 d5 3. Nd2 dxe4 4. dxe4 Nc6 5. Ngf3 Bc5 6. Bb5 Ne7 7. O-O O-O 8. c3 a6 9. Ba4 e5 10. b4 Ba7 11. Bb3 Bg4 12. a4 Ng6 13. h3 Bxf3 14. Qxf3 Qf6 15. Qxf6 gxf6 16. g3 Rad8 17. Nc4 Kg7 18. b5 Nce7 19. h4 h5 20. Ba3 Rfe8 21. Rfd1 f5 22. Bxe7 Nxe7 23. Nxe5 f6 24. Nd3 fxe4 25. Nf4 Kh6 26. Ne6 Rxd1+ 27. Rxd1 Nf5 28. Kg2 e3 29. f3 e2 30. Re1 Ne3+ 31. Kf2 Nc2+ 32. Kxe2 Nxe1 33. Kxe1 axb5 34. axb5 Kg6 35. Kd2 c6 36. Nf4+ Kh6 37. bxc6 bxc6 38. Bf7 Rd8+ 39. Ke2 Bb8 40. Be6 Re8 0-1


[Site "https://www.chess.com"]

[Event "Titled Tuesday Blitz November 14 Late 2023"]
[White "Elbebiber"]
[Black "Mushini Ajay"]
[BlackFideId "35066188"]
[WhiteElo "2087"]
[BlackElo "2405"]
[Result "1-0"]
[Round "8"]
[TimeControl "180+1"]
[Date "2023.11.14"]
[WhiteClock "0:00:06"]
[BlackClock "0:00:00"]
[Board "93"]

1. d4 d5 2. Bg5 c6 3. e3 Nf6 4. Bxf6 exf6 5. c4 dxc4 6. Bxc4 Bd6 7. Nc3 O-O 8. Nf3 Nd7 9. Rc1 f5 10. O-O Nf6 11. Qc2 Qe7 12. Bd3 g6 13. Rfe1 Be6 14. b3 Ba3 15. Rcd1 Bb4 16. Rf1 Rad8 17. Ne5 Nd5 18. Nxd5 Bxd5 19. Bc4 Kg7 20. Bxd5 Rxd5 21. Nd3 Bd6 22. g3 h5 23. h4 Rh8 24. Rde1 g5 25. hxg5 h4 26. Nf4 Qxg5 27. Kg2 hxg3 28. fxg3 Bb4 29. Rd1 Rd6 30. Rh1 Rdh6 31. Qf2 Qg4 32. Rdg1 c5 33. Rxh6 Rxh6 34. Rh1 Rxh1 35. Kxh1 Qd1+ 36. Kg2 Bd2 37. dxc5 Qc1 38. Qe2 Bxe3 39. Nd3 Qg1+ 40. Kf3 Bxc5 41. Qe5+ Kg6 42. Nxc5 Qh1+ 43. Ke3 Qe1+ 44. Kd4 Qa1+ 45. Kd5 Qd1+ 46. Qd4 Qf3+ 47. Kc4 1-0


[Site "https://www.chess.com"]

[Event "Titled Tuesday Blitz November 14 Late 2023"]
[White "KorolDimitriy75"]
[Black "tandercat"]
[WhiteElo "2345"]
[BlackElo "2062"]
[Result "1-0"]
[Round "8"]
[TimeControl "180+1"]
[Date "2023.11.14"]
[WhiteClock "0:00:08"]
[BlackClock "0:00:00"]
[Board "94"]

1. d4 d5 2. c4 e6 3. Nc3 a6 4. cxd5 exd5 5. Bf4 Nf6 6. e3 Bd6 7. Nge2 O-O 8. Qc2 Re8 9. Bxd6 Qxd6 10. Ng3 c5 11. dxc5 Qxc5 12. O-O-O Nc6 13. Nxd5 Qxc2+ 14. Kxc2 Nxd5 15. Bc4 Be6 16. Kb1 Nf6 17. Bxe6 Rxe6 18. Rd2 g6 19. Rhd1 Ree8 20. Rd6 Kg7 21. a3 Rad8 22. Kc2 Rxd6 23. Rxd6 Rd8 24. Rxd8 Nxd8 25. Kc3 Nc6 26. Kc4 Nd7 27. Kd5 Kf8 28. Kd6 Nde5 29. Kc7 Na5 30. Ne4 Nec4 31. b4 Nb3 32. Kxb7 Nxa3 33. Kxa6 Ke7 34. b5 Nc4 35. b6 Nxb6 36. Kxb6 Nc1 37. Kc5 Nd3+ 38. Kd4 Nb4 39. h4 Nc6+ 40. Kd3 f6 41. g3 Ke6 42. Ke2 Ne5 43. Nd2 Kd5 44. Nf3 Nc4 45. Nd4 Nd6 46. Kf3 Ke5 47. Ne2 Nc4 48. Nf4 Nd2+ 49. Kg2 Ne4 50. Nd3+ Ke6 51. f3 Nd6 52. e4 Nc4 53. Kf2 Nd6 54. Nf4+ Kf7 55. Ke3 Nc4+ 56. Kd4 Ne5 57. Ke3 Nc4+ 58. Kd4 Nd6 59. Ke3 Ne8 60. Nd5 Ke6 61. Kd4 Nd6 62. Nf4+ Kf7 63. Nd5 Nb5+ 64. Ke3 Nd6 65. g4 h6 66. Kf4 g5+ 67. hxg5 hxg5+ 68. Ke3 Ke6 69. Nb4 Nc4+ 70. Kd4 Ne5 71. Ke3 Kd6 72. Nd3 Nd7 73. Ne1 Kc5 74. Nc2 Kc4 75. Nd4 Kc3 76. Ne6 Ne5 77. Nf8 Nc4+ 78. Ke2 Ne5 79. Ke3 Nc4+ 80. Ke2 Kd4 81. Kf2 Ke5 82. Nd7+ Ke6 83. Nc5+ Ke5 84. Nd3+ Ke6 85. Nb4 Ne5 86. Nd5 Kf7 87. Ke3 Kg6 88. Nc3 Kf7 89. Ne2 Ng6 90. Ng3 Nf4 91. Nh5 Ng6 92. Kd4 Ke6 93. Ng7+ Kf7 94. Nf5 Ke6 95. Ke3 Nh4 96. Nd4+ Ke5 97. Nf5 Ke6 98. Nxh4 gxh4 99. f4 Kf7 100. Kf3 Kg6 101. Kg2 Kh6 102. Kh3 Kg6 103. Kxh4 Kh6 104. g5+ fxg5+ 105. fxg5+ Kg6 106. Kg4 Kg7 107. Kf5 Kh8 108. g6 1-0


[Site "https://www.chess.com"]

[Event "Titled Tuesday Blitz November 14 Late 2023"]
[White "topce"]
[Black "Fernandez Bustamante, Leancy B."]
[BlackFideId "3523870"]
[WhiteElo "2500"]
[BlackElo "2369"]
[Result "0-1"]
[Round "8"]
[TimeControl "180+1"]
[Date "2023.11.14"]
[WhiteClock "0:01:52"]
[BlackClock "0:01:04"]
[Board "95"]

1. c4 c5 2. Nc3 d6 3. g3 Nf6 4. Bg2 g6 5. d3 Bg7 6. Bf4 O-O 7. Qd2 Nc6 8. Bh6 Nd4 9. Bxg7 Kxg7 10. Rc1 a6 11. e3 Nc6 12. h4 h5 13. Nf3 Ne5 14. Ng5 Rb8 15. b3 b5 16. d4 cxd4 17. exd4 Neg4 18. O-O bxc4 19. bxc4 Bb7 20. Nge4 Nxe4 21. Nxe4 Qd7 22. d5 Rbc8 23. Bh3 Rc7 24. Qd4+ Kg8 25. f3 f5 26. Bxg4 fxg4 27. Ng5 Rcc8 28. Ne6 Rf6 29. fxg4 Rxe6 30. dxe6 Qc6 31. Rf7 Qg2# 0-1


[Site "https://www.chess.com"]

[Event "Titled Tuesday Blitz November 14 Late 2023"]
[White "Laskakis, Konstantinos"]
[Black "Osmak, Yuliia"]
[WhiteFideId "42134374"]
[BlackFideId "14101602"]
[WhiteElo "2343"]
[BlackElo "2484"]
[Result "1-0"]
[Round "8"]
[TimeControl "180+1"]
[Date "2023.11.14"]
[WhiteClock "0:00:26"]
[BlackClock "0:01:03"]
[Board "96"]

1. d4 f5 2. Nf3 Nf6 3. Bg5 Ne4 4. h4 h6 5. Bf4 d6 6. Nbd2 Nxd2 7. Qxd2 g6 8. e3 Bg7 9. Bd3 Nc6 10. d5 e5 11. dxe6 Bxe6 12. c3 Qe7 13. Nd4 Bd5 14. Rh2 Ne5 15. Bxf5 gxf5 16. Nxf5 Bxg2 17. Nxe7 Nf3+ 18. Ke2 Nxd2 19. Rxg2 Kxe7 20. Rxg7+ Kf6 21. Rxc7 Ne4 22. f3 Nc5 23. Bxd6 Ne6 24. Rxb7 Rhg8 25. Kf2 Rg6 26. Rg1 Rxg1 27. Kxg1 Kf5 28. c4 Rg8+ 29. Kf2 Rc8 30. c5 a6 31. b4 Rg8 32. h5 Rg5 33. Rf7# 1-0


[Site "https://www.chess.com"]